AoeStats
← florian

Lombardia

507707073Analyzed
2v2 RM · 14d ago on Sep 19, 2026· 54m 28s· 4 players
Game mode
Random Map
Map size
Medium (4 player)
Population
200
Speed
Normal
Resources
Standard
Victory
Conquest
Starting age
Dark Age
Ending age
Imperial Age
RankedLock teamsTeams togetherTeam positionsShared explorationLock speedFull tech treeHidden civsTurbo modeCheats
Victory
Defeat
🇦🇺 Goths · Australia
1061
+13
🇦🇺 Tatars · Australia
976
+17
🇩🇪 Hindustanis · Germany
996
-15
🇩🇪 Magyars · Germany
994
-15
florian
5:07 Loom
10:57 Feudal Age
15:03 Castle Age
13:00 Double-Bit Axe
14:45 Horse Collar
15:46 Wheelbarrow
15:17 Gold Mining
17:27 Bow Saw
25:52 Imperial Age
23:58 Heavy Plow
25:17 Hand Cart
24:48 Town Watch
26:28 Padded Archer Armor
27:33 Chemistry
28:41 Leather Archer Armor
29:37 Fervor
33:31 Masonry
33:32 Fortified Wall
33:44 Ballistics
34:09 Town Patrol
36:04 Ring Archer Armor
37:09 Conscription
36:57 Grand Trunk Road
38:34 Two-Man Saw
39:10 Shatagni
39:46 Hoardings
39:32 Conscription
40:13 Caravan
40:37 Fletching
42:39 Bodkin Arrow
hanna
9:24 Loom
11:10 Feudal Age
16:31 Castle Age
15:03 Double-Bit Axe
17:32 Horse Collar
18:23 Husbandry
20:11 Bloodlines
20:19 Scale Barding Armor
21:07 Bow Saw
24:30 Town Watch
25:25 Fervor
25:37 Sanctity
29:21 Wheelbarrow
28:48 Town Patrol
30:38 Chain Barding Armor
30:13 Fletching
33:08 Heavy Plow
37:21 Imperial Age
35:07 Hand Cart
37:56 Padded Archer Armor
38:42 Conscription
38:59 Hoardings
40:08 Caravan
41:03 Gold Mining
41:37 Elite Magyar Huszar
46:45 Cavalier
51:40 Light Cavalry
Flasher_Fred
12:54 Feudal Age
13:24 Loom
14:14 Wheelbarrow
13:42 Double-Bit Axe
18:43 Castle Age
18:29 Horse Collar
19:43 Hand Cart
20:37 Bow Saw
26:41 Fortified Wall
26:51 Ballistics
29:03 Heavy Plow
33:44 Fletching
33:56 Padded Archer Armor
34:03 Scale Barding Armor
34:06 Husbandry
34:21 Bloodlines
36:16 Gold Mining
39:49 Imperial Age
38:18 Gold Shaft Mining
39:29 Bodkin Arrow
39:50 Leather Archer Armor
41:24 Silk Armor
41:45 Conscription
41:12 Heavy Cavalry Archer
41:55 Bracer
42:26 Ring Archer Armor
42:17 Chain Barding Armor
42:08 Forging
43:14 Timurid Siegecraft
52:03 Plate Barding Armor
52:03 Iron Casting
TrenchCoat_Trent
11:31 Feudal Age
15:27 Castle Age
13:14 Double-Bit Axe
17:10 Bow Saw
16:53 Horse Collar
20:35 Wheelbarrow
20:57 Heavy Plow
25:02 Hand Cart
24:36 Loom
25:47 Stone Mining
25:48 Gold Mining
27:52 Coinage
30:35 Imperial Age
28:16 Scale Mail Armor
28:26 Forging
29:37 Stone Shaft Mining
29:20 Chain Mail Armor
29:07 Anarchy
29:45 Town Watch
29:25 Pikeman
30:06 Squires
30:44 Iron Casting
30:44 Halberdier
31:29 Perfusion
31:49 Conscription
33:36 Blast Furnace
33:55 Two-Man Saw
33:29 Crop Rotation
33:04 Town Patrol
32:57 Fletching
33:08 Elite Huskarl
35:13 Bodkin Arrow
35:41 Ballistics
36:22 Chemistry
38:24 Elite Skirmisher
39:06 Padded Archer Armor
39:07 Bracer
39:19 Masonry
39:05 Murder Holes
45:40 Architecture
48:36 Leather Archer Armor
54:09 Ring Archer Armor
Connection lost

Rejoining the realm…

Still unreachable

The connection could not be restored.

Session expired

The server has moved on; the page needs a fresh start.